 Dungeon Crawl Stone Soup version 0.27.1-33-g824d729ab1 (webtiles) character file.

Game seed: 11850580302825688412

95 tanglemaster the Skirmisher (level 4, -3/34 HPs)
             Began as an Octopode Transmuter on Dec 23, 2021.
             Slain by a scorpion (6 damage)
             ... on level 3 of the Dungeon.
             The game lasted 00:02:47 (3564 turns).

tanglemaster the Skirmisher (Octopode Transmuter)   Turns: 3564, Time: 00:02:47

Health: -3/34      AC:  1    Str:  7 (9)  XL:     4   Next: 65%
Magic:  7/7        EV: 13    Int: 14 (15) God:
Gold:   148        SH:  0    Dex: 13      Spells: 3/7 levels left

rFire    . . .     SeeInvis .   b - +1 short sword (vamp)
rCold    . . .     Faith    .   (no shield)
rNeg     . . .     Spirit   .   (helmet restricted)
rPois    .         Reflect  .   c - amulet of regeneration
rElec    .         Harm     .   (no ring)
rCorr    .         Rampage  .   (no ring)
Will     .....                  (no ring)
Stlth    ++........             (no ring)
HPRegen  1.11/turn              (no ring)
MPRegen  0.10/turn              (no ring)
                                (no ring)
                                (no ring)

@: no status effects
A: almost no armour, amphibious, 8 rings, camouflage 1, gelatinous body 1,
(nimble swimmer 1), tentacles
a: no special abilities


You were on level 3 of the Dungeon.
You visited 1 branch of the dungeon, and saw 4 of its levels.

You collected 148 gold pieces.

Inventory:

Hand Weapons
 b - a +1 vampiric short sword (weapon)
Jewellery
 c - an amulet of regeneration (around mantle)
Scrolls
 a - a scroll of teleportation {unknown}
 d - a scroll of identify {unknown}
 e - a scroll of fear


   Skills:
 + Level 4.3 Fighting
 - Level 2.0 Dodging
 - Level 3.0 Unarmed Combat
 - Level 2.0 Spellcasting
 - Level 2.0 Transmutations


You had 3 spell levels left.
You knew the following spells:

 Your Spells              Type           Power      Damage    Failure   Level
a - Beastly Appendage     Tmut           14%        N/A       11%         1
b - Spider Form           Tmut/Pois      2%         N/A       43%         3

Your spell library contained the following spells:

 Spells                   Type           Power      Damage    Failure   Level
 Wereblood                Tmut           7%         N/A       16%         2
 Animate Skeleton         Necr           2%         N/A       24%         1
 Pain                     Necr           4%         1d4       24%         1
 Sandblast                Erth           2%         2d4       24%         1
 Passwall                 Tmut/Erth      3%         N/A       24%         2
 Gell's Gravitas          Tloc           0%         N/A       56%         3
 Lesser Beckoning         Tloc           0%         N/A       56%         3
 Teleport Other           Tloc           1%         N/A       56%         3
 Vampiric Draining        Necr           0%         2d6       56%         3
 Ice Form                 Ice/Tmut       4%         N/A       83%         4
 Lee's Rapid Deconstruct  Erth           0%         3d5*      100%        5


Dungeon Overview and Level Annotations

Branches:
Dungeon (4/15)
 Temple: D:4-7

Altars:
Gozag

Shops:
D:1 (   D:2 *

Annotations:
D:3 exclusion: steam dragon


Innate Abilities, Weirdness & Mutations

You cannot wear most types of armour.
You are amphibious.
You can wear up to eight rings at the same time.
Your skin changes colour to match your surroundings (Stealth+).
Your rubbery body absorbs attacks. (AC +1, EV +1)
((You are camouflaged near water. (Stealth+)))
You have tentacles for arms and can constrict up to eight enemies at once.


Message History

The scorpion stings you. The scorpion closely misses you.
You closely miss the scorpion. You grab the scorpion.
You constrict the scorpion, but do no damage.
The scorpion stings you!
You are poisoned.
The scorpion poisons you!
You hit the scorpion but do no damage.
You constrict the scorpion, but do no damage.
You feel very sick. The scorpion stings you.
You are more poisoned.
The scorpion poisons you! The scorpion barely misses you.
You hit the scorpion but do no damage. You constrict the scorpion.
You feel very sick. The scorpion misses you.
You hit the scorpion but do no damage.
You squeeze the scorpion, but do no damage.
The scorpion is lightly wounded.
You constrict the scorpion.
You feel very sick. The scorpion barely misses you.
You release your grip on the scorpion.
You feel very sick. The scorpion stings you!
* * * LOW HITPOINT WARNING * * *
* * * LOW HITPOINT WARNING * * *
You feel sick.
* * * LOW HITPOINT WARNING * * *
You feel sick.
You feel sick.
* * * LOW HITPOINT WARNING * * *
You feel sick. The scorpion misses you.
You feel sick.
You feel sick.
You feel sick.
You feel sick.
You are no longer poisoned.
The scorpion stings you.
You die...

#.###...###.####.##.#
#........)...# #.##.#
#####...###..###.##.#
#<..#..........#.##.#
#.###.....#..#.#.##.#
#............#.#.##.#
#.....#..##..#.#.##.#
#.##.##..##.##.#.##.#
#.##.#.........#@##.###
..##.###.##.####s##...#
#................####.#
#.#.................#.#
..#...###.#.#######.#.#
..#.#.###.#.#######.#.#
..#.#...............#.#
......####..#########.#
....#.####..# #.#


You could see a scorpion.

Vanquished Creatures
  Robin (D:2)
  A gnoll (D:1)
  2 adders (D:3)
  A worm (D:3)
  A dart slug (D:3)
  5 ball pythons
  3 endoplasms
  2 giant cockroaches
  13 goblins
  5 hobgoblins
  3 jackals (D:2)
  3 quokkas
  2 bats
  3 kobolds
  2 rats
47 creatures vanquished.

Notes
Turn   | Place    | Note
-------+----------+-------------------------------------------
     0 | D:1      | tanglemaster the Octopode Transmuter began the quest for
                  | the Orb.
     0 | D:1      | Reached XP level 1. HP: 13/13 MP: 3/3
   323 | D:1      | Found Beriu's Weapon Boutique.
   381 | D:1      | Reached skill level 2 in Fighting
   381 | D:1      | Reached XP level 2. HP: 13/19 MP: 5/5
   766 | D:1      | Reached XP level 3. HP: 20/25 MP: 6/6
   908 | D:1      | Found a faded altar of an unknown god.
  1162 | D:2      | Reached skill level 3 in Fighting
  1220 | D:2      | Noticed Robin
  1543 | D:2      | Found Danoxu's General Store.
  2107 | D:2      | Killed Robin
  2108 | D:2      | Reached XP level 4. HP: 33/33 MP: 7/7
  2158 | D:3      | Noticed a steam dragon
  2166 | D:3      | Learned a level 3 spell: Spider Form
  2343 | D:3      | Reached skill level 4 in Fighting
  3291 | D:3      | Found an opulent altar of Gozag.
  3542 | D:4      | Noticed a scorpion
  3559 | D:3      | HP: 1/34 [poisoned by a scorpion]
  3564 | D:3      | Slain by a scorpion

Illustrated notes

Levels and vault maps discovered:
D:1:      dpeg_arrival_ternary, layout_basic,
          hellmonk_ecumenical_altar_leap_of_faith, serial_shops, shop_fountains
D:2:      layout_loops_ring, serial_shops, nicolae_diamond_shop, uniq_robin
D:3:      layout_basic, mainiacjoe_overflow_six_doors_small
D:4:      minmay_chambers_of_fours, layout_loops_ring,
          minmay_temple_entry_offerings, grunt_decor_resistance, uniq_sigmund,
          uniq_ijyb

Skill      XL: |  1  2  3  4 |
---------------+-------------+-----
Fighting       | 2 3 4 |  4.3
Dodging        | |  2.0
Unarmed Combat | |  3.0
Spellcasting   | |  2.0
Transmutations | |  2.0

Action                   |  1- 3 |  4- 6 || total
-------------------------+-------+-------++-------
Melee: Unarmed           |    21 |       ||    21
       Constrict         |    28 |     8 ||    36
       Tentacles         |    22 |     6 ||    28
       Punch             |     5 |       ||     5
       Kick              |     1 |       ||     1
       Short sword       |    74 |    32 ||   106
 Cast: Beastly Appendage |     1 |       ||     1
  Use: Potion            |     3 |     1 ||     4
       Scroll            |     2 |       ||     2
 Stab: Sleeping          |     4 |     2 ||     6
Armor: Skin              |    16 |     2 ||    18
Dodge: Dodged            |    48 |    26 ||    74
